 Dungeon Crawl Stone Soup version 0.20.1-1-g8b1a95d (console) character file.

523 bli the Shield-Bearer (level 7, 0/60 HPs)
             Began as a Grey Draconian Fighter on July 29, 2017.
             Was an Initiate of Ru.
             Slain by a slave (8 damage)
             ... led by Pikel
             ... on level 5 of the Dungeon.
             The game lasted 00:15:15 (3370 turns).

bli the Shield-Bearer (Grey Draconian Fighter)      Turns: 3370, Time: 00:15:16

Health: 0/60       AC: 15    Str: 19    XL:     7   Next: 2%
Magic:  7/7        EV: 11    Int:  8    God:    Ru [......]
Gold:   264        SH:  9    Dex: 12    Spells: 6/6 levels left

rFire    . . .     SeeInvis +   b - +1 dagger (flame)
rCold    . . .     Gourm    .   t - +0 shield
rNeg     . . .     Faith    .   (armour unavailable)
rPois    .         Spirit   .   (helmet restricted)
rElec    .         Reflect  .   j - +0 cloak
rCorr    .         Harm     .   q - +0 pair of gloves
MR       .....                  (no boots)
Stlth    ++........             (no amulet)
Regen    0.2/turn               n - ring of see invisible
MPRegen  0.1/turn               u - +2 ring of protection

@: no status effects
A: walk through water, unfitting armour, unbreathing, cold-blooded, AC +11
a: Renounce Religion


You were on level 5 of the Dungeon.
You worshipped Ru.
Ru was noncommittal.
You were not hungry.

You visited 1 branch of the dungeon, and saw 5 of its levels.

You collected 264 gold pieces.

Inventory:

Hand Weapons
 a - a +2 short sword of speed
 b - a +1 dagger of flaming (weapon)
 e - a +0 dagger
 z - a +0 falchion
 D - a +0 long sword
Armour
 j - a +0 cloak (worn)
 q - a +0 pair of gloves (worn)
 t - a +0 shield (worn)
Jewellery
 n - a ring of see invisible (left hand)
 u - a +2 ring of protection (right hand)
 v - an uncursed ring of magical power
 y - an uncursed ring of protection from fire {unknown}
Wands
 l - a wand of polymorph (6/24)
Scrolls
 h - 4 scrolls of remove curse {unknown}
 i - 2 scrolls of random uselessness {unknown}
 p - 5 scrolls of identify {unknown}
 r - 2 scrolls of teleportation {unknown}
 s - a scroll of fog {unknown}
 w - a scroll of recharging {unknown}
 x - a scroll of immolation {unknown}
 A - a scroll of enchant weapon {unknown}
 B - a scroll of fear {unknown}
Potions
 c - 3 potions of might
 g - a potion of ambrosia {unknown}
 k - a potion of degeneration {unknown}
 m - 2 potions of curing {unknown}
 o - 3 potions of heal wounds {unknown}
Comestibles
 d - 5 bread rations
 f - 2 fruits
 C - 3 chunks of flesh


   Skills:
 + Level 4.4 Fighting
 + Level 3.7(4.3) Short Blades
 + Level 3.3(4.1) Long Blades
 + Level 3.5 Dodging
 + Level 1.4 Stealth
 * Level 4.7 Shields
 + Level 0.2 Evocations


You had 6 spell levels left.
You didn't know any spells.

Dungeon Overview and Level Annotations

Branches:
Dungeon (5/15)
 Temple: D:4-7

Altars:
Elyvilon
Ru
Xom
Yredelemnul
Zin

Shops:
D:4 =

Annotations:
D:3 hilaritas's ghost, amateur BaFi
D:5 Grinder; Pikel


Innate Abilities, Weirdness & Mutations

You can walk through water.
Your dull iron-grey scales are very hard. (AC +11)
You cannot fit into any form of body armour.
You can survive without breathing.
You are cold-blooded and may be slowed by cold attacks.


Message History

Pikel burns you.
* * * LOW HITPOINT WARNING * * *
The shadow imp barely misses you. The hound closely misses you.
The slave barely misses you. The slave hits you but does no damage.
You closely miss Pikel.
Pikel is heavily wounded.
The slave barely misses you. You block the hound's attack.
Pikel closely misses you. The shadow imp gestures at you.
You struggle to resist.
The slave hits you.
* * * LOW HITPOINT WARNING * * *
The slave completely misses you.
You hit Pikel but do no damage.
Pikel is heavily wounded.
You block the hound's attack. The slave closely misses you.
The shadow imp shouts, "Embrace thy doom, thou canting dismal-dreaming nothing!"
You block the shadow imp's attack. You block Pikel's attack.
You hit Pikel but do no damage. You tail-slap Pikel.
Pikel is heavily wounded.
The hound bites you but does no damage.
The slave hits you but does no damage. x2; The slave hits you!
You die...

+#######+ .
#...#...#...# ....
#...#...#...# ...^
#...#.......###### .....
#...###._.###....#......
#...#.......#....#......
#...#.†.#.÷.#....'......
#...#††.#...#pKp.#......
#...'#######p@#'## .p...
#......#....p5h..# .p.K
#......#....#....#


p.p #......#....#....# .. #......#....#....# . #.....####..##.###
#.....####..##.# #....[........>+ #.................... #..<.................
#.......##..._....... You could see Pikel, 4 slaves, a hound and a shadow imp.

Vanquished Creatures
  An ogre (D:4)
  A scorpion (D:4)
  A hound (D:4)
  A centaur skeleton (D:4)
  An iguana (D:4)
  2 orc wizards (D:3)
  A worker ant (D:4)
  4 gnolls
  12 adders
  An ooze (D:4)
  3 worms
  3 leopard geckos
  9 orcs
  2 ball pythons
  5 giant cockroaches
  4 goblins
  11 hobgoblins
  10 kobolds
  3 quokkas
  9 bats
  5 frilled lizards
  A leopard gecko skeleton (D:4)
  5 rats
95 creatures vanquished.

Notes
Turn   | Place    | Note
-------+----------+-------------------------------------------
     0 | D:1      | bli the Draconian Fighter began the quest for the Orb.
     0 | D:1      | Reached XP level 1. HP: 19/19 MP: 1/1
   163 | D:1      | Reached XP level 2. HP: 23/26 MP: 2/2
   473 | D:1      | Reached XP level 3. HP: 33/33 MP: 3/3
   709 | D:2      | You fall through a shaft for 2 floors!
   726 | D:4      | Reached XP level 4. HP: 13/40 MP: 4/4
  1166 | D:3      | Reached XP level 5. HP: 43/46 MP: 5/5
  1203 | D:2      | Found a white marble altar of Elyvilon.
  1660 | D:2      | Reached skill level 1 in Stealth
  1858 | D:3      | Found a shimmering altar of Xom.
  1864 | D:3      | Reached skill level 1 in Short Blades
  2072 | D:3      | Reached XP level 6. HP: 46/53 MP: 6/6
  2105 | D:3      | Noticed hilaritas's ghost (amateur BaFi)
  2976 | D:4      | Found Icyopp's Jewellery Boutique.
  3156 | D:4      | Your scales start taking on a dull iron-grey colour.
  3156 | D:4      | Reached XP level 7. HP: 59/60 MP: 7/7
  3156 | D:4      | Gained mutation: You can survive without breathing. [Grey Draconian growth]
  3200 | D:4      | Found a basalt altar of Yredelemnul.
  3289 | D:5      | Entered Level 5 of the Dungeon
  3297 | D:5      | Found a glowing silver altar of Zin.
  3307 | D:5      | Found a sacrificial altar of Ru.
  3325 | D:5      | Became a worshipper of Ru the Awakened
  3338 | D:5      | Noticed Grinder
  3338 | D:5      | Noticed Pikel
  3370 | D:5      | Slain by a slave

Skill      XL: |  1  2  3  4  5  6 |
---------------+-------------------+-----
Dodging        | 3 |  3.5
Fighting       | 4 |  4.4
Long Blades    | 3 |  3.3
Shields        | 4 |  4.7
Stealth        | 1 |  1.4
Short Blades   | 2 3 |  3.7
Evocations     | |  0.2

Action                   |  1- 3 |  4- 6 |  7- 9 || total
-------------------------+-------+-------+-------++-------
Melee: Long sword        |    84 |    19 |       ||   103
       Tailslap          |    13 |    35 |     1 ||    49
       Short sword       |       |   235 |       ||   235
       Dagger            |       |     3 |    22 ||    25
Evoke: Wand              |       |     1 |       ||     1
 Stab: Sleeping          |     1 |     1 |       ||     2
       Paralysed         |       |       |     1 ||     1
  Eat: Chunk             |       |     8 |       ||     8
Armor: Skin              |    18 |    51 |    15 ||    84
Dodge: Dodged            |    29 |    78 |    19 ||   126
Block: Shield            |    24 |    90 |    19 ||   133
       Rpst.: Long sword |    11 |     1 |       ||    12
